 Dungeon Crawl Stone Soup version 0.18-a0-801-gb01a236 (webtiles) character file.

4025 JokEr the Grappler (level 10, -4/93 (95) HPs)
             Began as a Ghoul Monk on Dec 14, 2015.
             Was a Believer of Ru.
             Slain by a large abomination (18 damage)
             ... on level 1 of the Abyss.
             The game lasted 00:25:32 (9098 turns).

JokEr the Grappler (Ghoul Monk)                     Turns: 9098, Time: 00:25:32

HP:   -4/93 (95)    AC: 16    Str:  6 (19) XL:     10   Next: 24%
MP:   0/9           EV:  2    Int: -3 (5)  God:    Ru [**....]
Gold: 421           SH:  0    Dex: -6 (11) Spells: 0 memorised, 9 levels left

rFire  . . .     SeeInvis .       - Unarmed
rCold  + . .     Clarity  .     d - +1 plate armour
rNeg   + + +     SustAt   .     (no shield)
rPois  ∞         Gourm    .     I - +1 helmet
rElec  .         Spirit   +     (no cloak)
rCorr  .         Dismiss  .     (no gloves)
rMut   .         Stasis   .     J - +2 pair of boots
MR     .....                    h - amulet of guardian spirit
Stlth  ..........               (no ring)
                                m - ring of poison resistance

@: rotting, slowed, lost intelligence, lost dexterity, wreathed by umbra, very
slow, not resistant to hostile enchantments, extremely unstealthy
A: rotting body, claws 1, carnivore 3, cold resistance 1, negative energy
resistance 3, slow regeneration 1, torment resistance, unbreathing, no stealth,
inexperienced 1
a: Renounce Religion


You were on level 1 of the Abyss.
You worshipped Ru.
Ru was pleased with you.
You were not hungry.

You visited 1 branch of the dungeon, and saw 8 of its levels.
You visited the Abyss 1 time.
You also visited: Sewer.

You collected 421 gold pieces.

Inventory:

Armour
 d - a +1 plate armour (worn)
 I - a +1 helmet (worn)
 J - a +2 pair of boots (worn)
Jewellery
 h - an amulet of guardian spirit (around neck)
 m - a ring of poison resistance (left claw)
 y - an uncursed ring of protection from cold {unknown}
Wands
 c - a wand of cold (8)
 j - a wand of random effects (20)
 k - a wand of disintegration (8)
 q - a wand of magic darts (20)
 s - a wand of cold (8)
 v - a wand of hasting (1)
 E - a wand of lightning (10)
Scrolls
 g - 7 scrolls of remove curse
 l - 2 scrolls of blinking
 r - 3 scrolls of identify
 u - 2 scrolls of magic mapping
 x - a scroll of fear
 F - a scroll of fog
 G - 2 scrolls of teleportation
 K - 2 scrolls of amnesia
 L - a scroll of recharging
Potions
 e - a potion of curing
 i - 2 potions of magic {unknown}
 n - 2 potions of agility
 o - a potion of invisibility
 p - a potion of heal wounds {unknown}
 t - a potion of poison {unknown}
 w - 2 potions of resistance {unknown}
 C - a potion of flight {unknown}
 M - 2 potions of berserk rage {unknown}
 N - a potion of ambrosia {unknown}
Comestibles
 a - a royal jelly
 b - 5 meat rations
 f - 11 beef jerkies
 D - a slice of pizza


   Skills:
 + Level 11.0 Fighting
 - Level 5.5 Dodging
 + Level 11.5 Unarmed Combat


You had 9 spell levels left.
You didn't know any spells.

Dungeon Overview and Level Annotations

Branches:
Dungeon (8/15)             Temple (0/1) D:7
   Lair: D:8-11

Altars:
Ashenzari
Gozag
Kikubaaqudgha
Makhleb
Nemelex Xobeh
Ru
Sif Muna
Vehumet
Zin

Shops:
D:5 [

Annotations:
D:8 Erica, Erolcha


Innate Abilities, Weirdness & Mutations

Your body is rotting away.
You thrive on raw meat.
You are immune to poison.
You have sharp fingernails.
You are carnivorous and can eat meat at any time.
Your flesh is cold resistant.
You are immune to negative energy.
You regenerate slowly when monsters are visible.
You are immune to unholy pain and torment.
You can survive without breathing.
You cannot be stealthy.
You are somewhat inexperienced (-2 XL).


Message History

You feel clumsy. x2
You feel weakened.
The wretched star pulses with an eldritch light!
You feel weakened.
You feel dopey.
You feel clumsy.
You feel clumsy.
The ynoxinul twists and deforms.
The large abomination hits you!!
* * * LOW HITPOINT WARNING * * *
The large abomination hits you but does no damage.
The wretched star pulses with an eldritch light!
You feel weakened.
You feel clumsy. The large abomination hits you!
* * * LOW HITPOINT WARNING * * *
The wretched star pulses with an eldritch light!
You feel weakened. x2
You feel clumsy.
A profane servitor comes into view. It is wielding an enchanted whip.
The large abomination hits you but does no damage.
The wretched star begins to attack, but is stunned by your will!
The large abomination hits you!!
You die...

### # ###
.... .##..
.... .... #
..... ... .#
....##.. #.##
.....# #...#
#A.##...#
#..@..#.#
##X....# # #
#.*##.#.# ##.
. #..#.# ## #
#
...#..###.###
#
...#.##.#...#
# ..
...##.##.#
..# ##
....#..#...##
... .. #.
.#.#.##.#..#


You could see a profane servitor, a wretched star and a large abomination.

Vanquished Creatures
  An ancient zyme (Abyss:1)
  Sigmund (D:6)
  A wyvern (D:8)
  2 wolves (D:8)
  Grum (D:8)
  3 ice beasts
  Purgy (Sewer)
  2 sky beasts (D:5)
  2 orc warriors
  8 ogres
  4 centaurs
  A necrophage (D:6)
  A big kobold (D:8)
  2 giant frogs
  A wyvern zombie (D:6)
  2 scorpions
  7 wights
  A centaur zombie (D:8)
  2 hounds
  A jelly (D:6)
  3 giant frog zombies
  2 orc priests (D:6)
  Jessica (D:2)
  8 worker ants
  Natasha (thrice) (D:2)
  7 orc wizards
  2 hound skeletons
  A mummy (D:4)
  8 gnolls
  12 adders
  A shadow imp (D:8)
  2 oozes
  5 worms
  An adder skeleton (D:6)
  9 giant geckos
  16 orcs
  10 bats
  A bat zombie (D:1)
  12 giant cockroaches
  10 goblins
  11 hobgoblins
  16 kobolds
  4 quokkas
  3 ball pythons
  A giant cockroach zombie (D:1)
  A giant gecko zombie (D:5)
  6 giant newts
  A hobgoblin zombie (D:4)
  16 jackals
  A jackal skeleton (D:6)
  A kobold zombie (D:4)
  2 orc zombies (D:4)
  A quokka zombie (D:4)
  8 rats
230 creatures vanquished.

Vanquished Creatures (others)
  A quasit (Abyss:1)
  An ufetubus (Abyss:1)
2 creatures vanquished.

Grand Total: 232 creatures vanquished

Notes
Turn   | Place    | Note
--------------------------------------------------------------
     0 | D:1      | JokEr the Ghoul Monk began the quest for the Orb.
     0 | D:1      | Reached XP level 1. HP: 19/19 MP: 0/0
   272 | D:1      | Reached XP level 2. HP: 25/25 MP: 1/1
   455 | D:1      | Reached XP level 3. HP: 29/31 MP: 2/2
  1269 | D:2      | Reached XP level 4. HP: 32/39 MP: 3/3
  1307 | D:2      | Reached skill level 5 in Unarmed Combat
  1502 | D:2      | Noticed Jessica
  1525 | D:2      | Killed Jessica
  1753 | D:2      | Found a sparkling altar of Nemelex Xobeh.
  1782 | D:2      | Noticed Natasha
  1807 | D:2      | Killed Natasha
  1807 | D:2      | Reached XP level 5. HP: 8/46 MP: 4/4
  1920 | D:2      | Noticed Natasha
  1929 | D:2      | Killed Natasha
  2054 | D:2      | Noticed Natasha
  2059 | D:2      | Killed Natasha
  2212 | D:2      | Found a burning altar of Makhleb.
  2362 | D:3      | Found a glowing drain.
  2451 | Sewer    | Entered a sewer
  2489 | Sewer    | Noticed Purgy
  2499 | Sewer    | Killed Purgy
  2499 | Sewer    | Reached XP level 6. HP: 35/53 MP: 5/5
  2754 | D:3      | Reached skill level 5 in Fighting
  2968 | D:3      | Reached skill level 6 in Unarmed Combat
  3168 | D:3      | Reached XP level 7. HP: 59/61 MP: 6/6
  3433 | D:4      | Found a sacrificial altar of Ru.
  3445 | D:4      | Became a worshipper of Ru the Awakened
  3450 | D:4      | Gained mutation: You are somewhat inexperienced (-2 XL). [Ru sacrifice]
  3450 | D:4      | Reached XP level 6. HP: 55/55 MP: 5/5
  3450 | D:4      | Reached XP level 5. HP: 47/47 MP: 4/4
  3450 | D:4      | Reached * piety under Ru
  3489 | D:4      | Reached skill level 5 in Dodging
  3663 | D:4      | Noticed an ogre
  3668 | D:4      | Killed an ogre
  3668 | D:4      | Reached XP level 6. HP: 39/57 MP: 3/5
  4320 | D:4      | Found an ancient bone altar of Kikubaaqudgha.
  4322 | D:4      | Found a deep blue altar of Sif Muna.
  4322 | D:4      | Found a radiant altar of Vehumet.
  4327 | D:4      | Identified Kikubaaqudgha's Reference Book on Unholy Secrets
  4334 | D:4      | Identified Sif Muna's Incunabulum of Execration
  4343 | D:4      | Identified Vehumet's Catalogue of Confrontation
  4400 | D:5      | Entered Level 5 of the Dungeon
  4410 | D:5      | Reached skill level 7 in Unarmed Combat
  4410 | D:5      | Reached XP level 7. HP: 49/63 MP: 3/6
  4949 | D:5      | Found a shattered altar of Ashenzari.
  5094 | D:5      | Found Neat's Antique Armour Shoppe.
  5242 | D:5      | Gained mutation: You cannot be stealthy. [Ru sacrifice]
  5242 | D:5      | Reached ** piety under Ru
  5598 | D:5      | Reached XP level 8. HP: 48/71 MP: 4/7
  5601 | D:5      | Reached skill level 8 in Unarmed Combat
  6316 | D:6      | Reached skill level 9 in Unarmed Combat
  6728 | D:6      | Reached XP level 9. HP: 54/82 MP: 5/8
  7262 | D:6      | Noticed Sigmund
  7281 | D:6      | Killed Sigmund
  7286 | D:6      | Reached skill level 10 in Unarmed Combat
  7655 | D:6      | Found an opulent altar of Gozag.
  7656 | D:6      | Found a glowing silver altar of Zin.
  7872 | D:7      | Found a staircase to the Ecumenical Temple.
  8238 | D:7      | Reached skill level 10 in Fighting
  8808 | D:8      | Reached skill level 11 in Unarmed Combat
  8830 | D:8      | Noticed Grum
  8841 | D:8      | Reached XP level 10. HP: 84/94 MP: 6/9
  8867 | D:8      | Killed Grum
  8915 | D:8      | Noticed Erica
  8920 | D:8      | Noticed Erolcha
  8930 | D:8      | Cast into level 1 of the Abyss (Erolcha)
  8930 | Abyss:1  | Found an oddly glowing altar of Pakellas.
  8930 | Abyss:1  | Found a corrupted altar of Lugonu.
  9059 | Abyss:1  | Noticed a wretched star
  9070 | Abyss:1  | Lost intelligence.
  9082 | Abyss:1  | Lost dexterity.
  9097 | Abyss:1  | Noticed a profane servitor
  9098 | Abyss:1  | Slain by a large abomination

Vault maps used:
D:1:      saegor_arrival_fortress, hangedman_abyss_or_decor_stabs, minivault_26
D:2:      makhleb_blood_cavern_becter, lemuel_doored_altar, kennysheep_boxes,
          uniq_natasha, uniq_jessica
D:3:      portal_sewer_entry_f, st_stairs_8
D:4:      grunt_temple_overflow_magic_moments, nicolae_overflow_crystal_walls,
          minmay_mini_ossuary
D:5:      nicolae_overflow_hidden_temple, serial_shops, shop_fountains,
          first_bread, minivault_11
D:6:      grunt_temple_overflow_gold_and_silver, uniq_sigmund
D:7:      temple_fountains, grunt_ogre_cave, solitary_fountain, hex_medium,
          kennysheep_another_room
D:8:      basic_altar, uniq_erolcha, uniq_erica, uniq_grum
Sewer:    kennysheep_door_sewer

Action                   |  1- 3 |  4- 6 |  7- 9 | 10-12 || total
-------------------------+-------+-------+-------+-------++-------
Melee: Unarmed           |   120 |   405 |   383 |    36 ||   944
Invok: Sacrifice Experie |       |     1 |       |       ||     1
       Sacrifice Stealth |       |       |     1 |       ||     1
       Reject Sacrifices |       |       |     1 |       ||     1
  Use: Scroll            |     2 |     9 |    11 |       ||    22
       Potion            |       |       |       |     1 ||     1
 Stab: Sleeping          |     1 |       |       |       ||     1
       Distracted        |       |       |     1 |       ||     1
       Invisible         |       |       |     2 |       ||     2
  Eat: Chunk             |     4 |    42 |    49 |     8 ||   103
